cohdb
Replays
Latest Replays
All Replays
Popular Replays
Top Player Replays
Match Explorer
How It Works
Community
CoH3 Stats
Reddit
Sign in to upload your games and track your stats! →
Sign in with Steam
Match 38399904
Unlisted
Match 38399904
Overview
Messages
Build Orders
End
Construct Barracks
Selects Advanced Infantry Battlegroup
Riflemen Squad
Riflemen Squad
1⁄4-ton 4x4 Truck
Riflemen Squad
Infantry Support Center
Selects Convert to Ranger Squad
Construct Medical Station
Construct Weapon Support Center
Selects Designate Assault Position
Bazooka Squad
Advanced Logistics
Bazooka Squad
M1918 Browning Automatic Rifles
Improved M9 Bazooka Rockets
Scout Squad
Selects Infantry Assault
Engineer Squad
Infantry Assault
M1 Mortar Team
Selects Ammunition Storage
Construct Tank Depot
Ranger Squad
Infantry Assault
Selects M2A1 105mm Howitzer Emplacement
Selects Free Fire Drills
Infantry Assault
M18 Hellcat Tank Destroyer
Infantry Assault
M18 Hellcat Tank Destroyer
Infantry Assault
Infantry Assault
Engineer Squad
M18 Hellcat Tank Destroyer
flyingpancake
Mechanized
LEV-Detahaven
Tenshi
0
0
Comments
sign in to comment!
No comments posted yet!